 Dungeon Sprint DCSS version 0.18.1-8-gdd0e5ea (webtiles) character file.

2982 Groucho the Martial Artist (level 9, 0/63 HPs)
             Began as an Octopode Transmuter on May 21, 2016.
             Was the Champion of Sif Muna.
             Slain by a black mamba (7 damage)
             ... in the Dungeon (Sprint VII: "The Pits") on May 22, 2016.
             The game lasted 00:08:38 (4688 turns).

Groucho the Martial Artist (Octopode Transmuter)    Turns: 4688, Time: 00:08:39

Health: 0/63       AC:  5    Str:  9    XL:     9   Next: 83%
Magic:  19/21      EV: 30    Int: 19    God:    Sif Muna [******]
Gold:   0          SH:  0    Dex: 20    Spells: 5 memorised, 6 levels left

rFire  . . .     SeeInvis .       - Unarmed
rCold  . . .     Gourm    .     (shield currently unavailable)
rNeg   . . .     Faith    .     (helmet currently unavailable)
rPois  x         Spirit   .     (no amulet)
rElec  .         Dismiss  .     r - +3 ring of intelligence
rCorr  .         Reflect  .     s - +3 ring of protection
SustAt .         Harm     .     (no ring)
MR     .....     NoTele   +     (no ring)
Stlth  +++++.....               (no ring)
                                (no ring)
                                (no ring)
                                (no ring)

@: lethally poisoned (0 -> -25), spider-form, not resistant to hostile
enchantments, quite stealthy
A: almost no armour, (amphibious), 8 rings, (constrict 8), (camouflage 0),
(gelatinous body 0)
a: End Transformation, Channel Energy, Forget Spell, Renounce Religion


You were in the Dungeon.
You worshipped Sif Muna.
Sif Muna was exalted by your worship.
You were not hungry.
You were a venomous arachnid creature.
You visited 1 branch

Inventory:

Missiles
 a - 12 arrows
 p - 10 stones (quivered)
Jewellery
 r - a +3 ring of intelligence (left front leg)
 s - a +3 ring of protection (right front leg)
Wands
 q - a wand of flame (22/48)
Scrolls
 i - a scroll of blinking
 m - 3 scrolls of remove curse
 n - 5 scrolls of amnesia
 o - a scroll of summoning
Potions
 d - 11 potions of curing
 e - 3 potions of heal wounds
 f - a potion of haste
 g - 4 potions of magic
 h - 4 potions of berserk rage
 l - a potion of invisibility
 t - a potion of cure mutation
 u - a potion of resistance
 v - a potion of brilliance
Books
 b - a book of Changes

   Spells                             Type                      Level
   a - Beastly Appendage              Transmutation                1
   b - Sticks to Snakes               Transmutation                2
   c - Spider Form                    Transmutation/Poison         3
   d - Ice Form                       Ice/Transmutation            4
   e - Blade Hands                    Transmutation                5
 w - Sif Muna's Catalogue of Harmful Contamination
   (Sif Muna gifted it to you in the Dungeon)

   Spells                             Type                      Level
   a - Magic Dart                     Conjuration                  1
   b - Shock                          Conjuration/Air              1
   c - Bolt of Draining               Conjuration/Necromancy       5
   d - Alistair's Intoxication        Transmutation/Poison         5
   e - Poison Arrow                   Conjuration/Poison           6
   f - Fire Storm                     Conjuration/Fire             9
Comestibles
 c - 7 bread rations
 j - 34 fruits
 k - 5 meat rations


   Skills:
 * Level 6.9 Fighting
 * Level 9.4 Dodging
 + Level 8.9 Stealth
 * Level 9.6 Unarmed Combat
 * Level 8.6 Spellcasting
 * Level 1.0 Conjurations
 * Level 9.3 Transmutations
 + Level 5.1 Ice Magic
 + Level 8.9 Poison Magic


You had 6 spell levels left.
You knew the following spells:

 Your Spells              Type           Power        Failure   Level  Hunger
a - Beastly Appendage     Trmt           #####.       2%          1    None
b - Spider Form           Trmt/Pois      #####.....   4%          3    None
c - Ice Form              Ice/Trmt       #####...     17%         4    ###....
d - Blade Hands           Trmt           #####.....   17%         5    #####..
e - Poison Arrow          Conj/Pois      ####......   99%         6    ######.


Dungeon Overview and Level Annotations

Branches:
Dungeon (1/1)

Altars:
Ashenzari
Cheibriados
Dithmenos
Elyvilon
Fedhas
Gozag
Kikubaaqudgha
Makhleb
Nemelex Xobeh
Okawaru
Pakellas
Qazlal
Ru
Sif Muna
Trog
Vehumet
Xom
Yredelemnul
Zin
The Shining One
Beogh
Jiyva
Lugonu


Innate Abilities, Weirdness & Mutations

You cannot wear most types of armour.
((You are amphibious.))
You can wear up to eight rings at the same time.
((You can use your tentacles to constrict eight enemies at once.))
((Your skin changes colour to match your surroundings (Stealth).))
((Your rubbery body absorbs attacks (AC +1).))


Message History

The black mamba bites you but does no damage.
You completely miss the komodo dragon.
The komodo dragon is heavily wounded.
The black mamba misses you. The rat misses you.
You closely miss the komodo dragon.
The komodo dragon is heavily wounded.
The black mamba completely misses you.
The komodo dragon completely misses you.
The black mamba bites you!
* * * LOW HITPOINT WARNING * * *
You are lethally poisoned!
The black mamba poisons you! The rat closely misses you.
Unknown command.
* * * LOW HITPOINT WARNING * * *
You feel very sick.
There is an open door here.
You see here a wasp corpse.
* * * LOW HITPOINT WARNING * * *
You feel sick. The black mamba bites you!
You die...

.............+
...#..#......#
........)....#
'#####')######
....##''################
....##..#......r.†.....##
....##..##.....l........#
<...##..####...#S######..
....##..#..#####s##
....##..#....##...#
....##..'.....#...#
######..'...).'...+
######..'.....#...#
..[[##..#....##...#
..[[##..#..#####.##
..))##..#### #+#
..))##..#


You could see a komodo dragon, a black mamba and a rat.

Vanquished Creatures
  A flayed ghost (D)
  A deep elf mage (D)
  A sixfirhy (D)
  A molten gargoyle (D)
  2 fire bats (D)
  A basilisk (D)
  A hungry ghost (D)
  Edmund (D)
  A giant eyeball (D)
  A wasp (D)
  2 ogres (D)
  A scorpion (D)
  4 wights (D)
  A hound (D)
  An orc priest (D)
  An orc wizard (D)
  A worker ant (D)
  A gnoll (D)
  3 adders (D)
  A white imp (D)
  An adder zombie (D)
  An orc (D)
  A bat (D)
  A goblin (D)
  A hobgoblin (D)
  A quokka (D)
  A giant newt (D)
34 creatures vanquished.

Notes
Turn   | Place    | Note
--------------------------------------------------------------
     0 | D        | Groucho the Octopode Transmuter began the quest for the Orb.
     0 | D        | Reached XP level 1. HP: 13/13 MP: 3/3
    39 | D        | Found a sacrificial altar of Ru.
    39 | D        | Found a basalt altar of Yredelemnul.
    39 | D        | Found a shadowy altar of Dithmenos.
    39 | D        | Found a deep blue altar of Sif Muna.
    39 | D        | Found a burning altar of Makhleb.
    39 | D        | Found a shimmering altar of Xom.
    39 | D        | Found an ancient bone altar of Kikubaaqudgha.
    39 | D        | Found a sparkling altar of Nemelex Xobeh.
    40 | D        | Found a glowing golden altar of the Shining One.
    40 | D        | Found a bloodstained altar of Trog.
    40 | D        | Found a shattered altar of Ashenzari.
    40 | D        | Found a white marble altar of Elyvilon.
    40 | D        | Found a snail-covered altar of Cheibriados.
    40 | D        | Found a blossoming altar of Fedhas.
    40 | D        | Found a radiant altar of Vehumet.
    40 | D        | Found a glowing silver altar of Zin.
    40 | D        | Found a corrupted altar of Lugonu.
    40 | D        | Found a viscous altar of Jiyva.
    40 | D        | Found a roughly hewn altar of Beogh.
    40 | D        | Found an iron altar of Okawaru.
    41 | D        | Found an oddly glowing altar of Pakellas.
    46 | D        | Found a stormy altar of Qazlal.
    46 | D        | Found an opulent altar of Gozag.
    59 | D        | Became a worshipper of Sif Muna the Loreminder
    79 | D        | Reached skill level 1 in Stealth
    79 | D        | Reached XP level 2. HP: 19/19 MP: 3/5
   711 | D        | Noticed a giant eyeball
   722 | D        | Reached XP level 3. HP: 16/25 MP: 5/7
  1301 | D        | Learned a level 3 spell: Spider Form
  1303 | D        | Noticed a hungry ghost
  1313 | D        | Paralysed by a giant eyeball for 3 turns
  1317 | D        | Killed a giant eyeball
  1317 | D        | Reached * piety under Sif Muna
  1317 | D        | Reached XP level 4. HP: 33/33 MP: 1/10
  1317 | D        | Reached XP level 5. HP: 37/37 MP: 1/11
  1710 | D        | Killed a hungry ghost
  1710 | D        | Reached ** piety under Sif Muna
  1710 | D        | Reached skill level 5 in Fighting
  1710 | D        | Reached skill level 5 in Dodging
  1710 | D        | Reached skill level 5 in Unarmed Combat
  1710 | D        | Reached skill level 5 in Transmutations
  1710 | D        | Reached XP level 6. HP: 38/45 MP: 7/13
  1793 | D        | Reached skill level 5 in Stealth
  1793 | D        | Reached skill level 5 in Spellcasting
  1840 | D        | Reached skill level 5 in Poison Magic
  1846 | D        | Noticed a fire bat
  1862 | D        | Killed a fire bat
  1862 | D        | Reached *** piety under Sif Muna
  1862 | D        | Reached XP level 7. HP: 19/52 MP: 12/15
  2273 | D        | Learned a level 4 spell: Ice Form
  2279 | D        | Learned a level 5 spell: Blade Hands
  2385 | D        | Noticed Edmund
  2396 | D        | Killed Edmund
  2396 | D        | Reached skill level 1 in Ice Magic
  2862 | D        | Noticed a sixfirhy
  2868 | D        | Killed a sixfirhy
  2868 | D        | Reached **** piety under Sif Muna
  2868 | D        | Reached XP level 8. HP: 19/58 MP: 12/17
  3212 | D        | Noticed a deep elf mage
  3228 | D        | Killed a deep elf mage
  3228 | D        | Reached ***** piety under Sif Muna
  3796 | D        | Noticed a molten gargoyle
  3807 | D        | Reached XP level 9. HP: 63/63 MP: 15/20
  3814 | D        | Killed a molten gargoyle
  3942 | D        | Noticed a flayed ghost
  3970 | D        | Killed a flayed ghost
  3970 | D        | Reached ****** piety under Sif Muna
  3970 | D        | Received a gift from Sif Muna
  3970 | D        | Reached skill level 5 in Ice Magic
  3971 | D        | Identified Sif Muna's Catalogue of Harmful Contamination (Sif Muna gifted it to you in the Dungeon)
  4177 | D        | Learned a level 6 spell: Poison Arrow
  4539 | D        | Noticed a black mamba
  4540 | D        | Noticed a komodo dragon
  4550 | D        | Reached skill level 1 in Conjurations
  4688 | D        | Slain by a black mamba

Skill      XL: |  1  2  3  4  5  6  7  8  9 |
---------------+----------------------------+-----
Fighting       | 2 4 5 6 |  6.9
Stealth        | 1 2 4 5 6 7 8 |  8.9
Dodging        | 3 4 5 6 7 8 9 |  9.4
Spellcasting   | 3 4 5 6 7 8 |  8.6
Transmutations | 3 4 5 6 7 8 9 |  9.3
Unarmed Combat | 4 5 6 7 8 9 |  9.6
Poison Magic   | 3 4 6 7 8 |  8.9
Ice Magic      | 3 4 5 |  5.1
Conjurations   | 1 |  1.0

Action                   |  1- 3 |  4- 6 |  7- 9 || total
-------------------------+-------+-------+-------++-------
Melee: Unarmed           |    27 |    39 |    84 ||   150
       Constrict         |     6 |     3 |     4 ||    13
       Tentacles         |     4 |     3 |     6 ||    13
       Punch             |     1 |     1 |     1 ||     3
       Kick              |       |     5 |     2 ||     7
Throw: Stone             |       |     1 |     1 ||     2
 Cast: Spider Form       |     1 |     2 |     6 ||     9
       Beastly Appendage |       |     4 |     1 ||     5
       Blade Hands       |       |       |     4 ||     4
  Use: Potion            |       |     2 |     2 ||     4
 Stab: Sleeping          |     4 |       |     2 ||     6
       Invisible         |       |       |     2 ||     2
  Eat: Fruit             |     6 |       |       ||     6
       Meat ration       |       |     1 |     1 ||     2
       Bread ration      |       |       |     1 ||     1
Armor: Skin              |     2 |     2 |     3 ||     7
Dodge: Dodged            |    13 |    23 |    62 ||    98
